 Dungeon Crawl Stone Soup version 0.31-a0-986-g5e6e4ef867 (webtiles) character file.

Game seed: 12854364502776921928

62473 Demosthentine the Fighter (level 14, -3/106 HPs)
             Began as a Demonspawn Gladiator on Nov 21, 2023.
             Was a High Priest of Hepliaklqana.
             Slain by a caustic shrike simulacrum (9 damage)
             ... in an ice cave.
             The game lasted 00:24:32 (13173 turns).

Demosthentine the Fighter (Demonspawn Gladiator)   Turns: 13173, Time: 00:24:33

Health: -3/106     AC: 10    Str: 17    XL:     14   Next: 64%
Magic:  21/21      EV: 19    Int:  9    God:    Hepliaklqana [*****.]
Gold:   2868       SH:  8    Dex: 18    Spells: 13/13 levels left

rFire   + + +        b - +10 demon trident of the Special Seers {freeze, *Noise rElec rF++ Will+++}
rCold   + + .        M - +2 buckler {rC+ rF+}
rNeg    . . .        z - +0 troll leather armour
rPois   .            c - +0 helmet
rElec   +            H - +1 cloak {rCorr}
rCorr   +            (gloves unavailable)
SInv    +            L - +0 pair of boots
Will    ++++.        G - amulet of regeneration
Stlth   +            f - ring of see invisible
HPRegen 1.97/turn    t - ring of protection from cold
MPRegen 0.17/turn

%: no passive effects
@: no status effects
A: reduced essence, demonic guardian 3, spiny 1, sharp scales 1, demonic touch 3
a: Renounce Religion, Recall Ancestor, Ancestor Identity, Transference, Idealise


You were in an ice cave.
You worshipped Hepliaklqana.
Hepliaklqana was extremely pleased with you.
You visited 2 branches of the dungeon, and saw 16 of its levels.
You also visited: Ossuary, Bailey and Ice Cave.

You collected 2868 gold pieces.

Inventory:

Hand Weapons
 b - the +10 demon trident of the Special Seers (weapon) {freeze, *Noise rElec rF++ Will+++}
   (You acquired it on level 6 of the Dungeon)

   rF++:      It greatly protects you from fire.
   rElec:     It insulates you from electricity.
   Will+++:   It greatly increases your willpower.
   *Noise:    It may make a loud noise when swung.
 N - a +4 hand cannon of freezing
Armour
 c - a +0 helmet (worn)
 z - a +0 troll leather armour (worn)
 E - a +2 leather armour of positive energy
 H - a +1 cloak of preservation (worn)
 L - a +0 pair of boots (worn)
 M - a +2 buckler of resistance (worn)
Jewellery
 e - a ring of poison resistance
 f - a ring of see invisible (left hand)
 t - a ring of protection from cold (right hand)
 w - a ring of flight
 C - the ring of the Hare {EV+10}
   (You found it in a bailey)

   [ring of evasion]

   EV+10:     It affects your evasion (+10).
 G - an amulet of regeneration (around neck)
 J - the ring of Giem {rC- Will+ EV+5 Int+3}
   (You found it on level 13 of the Dungeon)

   [ring of evasion]

   EV+5:      It affects your evasion (+5).
   Int+3:     It affects your intelligence (+3).
   rC-:       It makes you vulnerable to cold.
   Will+:     It increases your willpower.
Wands
 d - a wand of roots (9)
 g - a wand of flame (45)
 x - a wand of digging (15)
 K - a wand of mindburst (3)
Scrolls
 a - 2 scrolls of silence
 i - 2 scrolls of revelation
 k - 9 scrolls of teleportation
 p - 7 scrolls of identify
 s - a scroll of poison
 u - 7 scrolls of immolation
 v - 3 scrolls of amnesia
 y - 2 scrolls of fear
 A - a scroll of enchant weapon {unknown}
 F - 3 scrolls of enchant armour
 I - 2 scrolls of fog
Potions
 h - 9 potions of curing
 j - 4 potions of lignification
 l - 6 potions of mutation
 m - a potion of ambrosia
 n - 3 potions of enlightenment
 o - 3 potions of attraction
 q - 5 potions of haste
 r - 5 potions of brilliance
 B - a potion of invisibility
 D - 4 potions of might


   Skills:
 + Level 13.1 Fighting
 + Level 12.3 Polearms
 - Level 1.7 Throwing
 - Level 9.5 Armour
 + Level 12.2 Dodging
 - Level 5.1 Shields
 + Level 10.1 Invocations


You had 13 spell levels left.
You didn't know any spells.
Your spell library contained the following spells:

 Spells                   Type           Power      Damage    Failure   Level
 Apportation              Tloc           0%         N/A       52%         1
 Necrotise                Necr           0%         1d4       52%         1
 Sandblast                Erth           0%         2d4       52%         1
 Summon Small Mammal      Summ           0%         N/A       52%         1
 Passwall                 Tmut/Erth      0%         N/A       65%         2
 Sublimation of Blood     Necr           0%         N/A       65%         2
 Wereblood                Tmut           0%         N/A       65%         2
 Call Canine Familiar     Summ           0%         N/A       87%         3
 Hailstorm                Conj/Ice       0%         3d3       87%         3
 Inner Flame              Hex/Fire       0%         N/A       87%         3
 Stone Arrow              Conj/Erth      0%         3d7       87%         3
 Summon Guardian Golem    Hex/Summ       0%         N/A       87%         3
 Brom's Barrelling Bould  Conj/Erth      0%         2d3       99%         4
 Flame Wave               Conj/Fire      0%         2d4       99%         4
 Sticky Flame             Conj/Fire      0%         2d3       99%         4
 Summon Ice Beast         Ice/Summ       0%         N/A       99%         4
 Simulacrum               Ice/Necr       0%         N/A       100%        6
 Summon Hydra             Summ           0%         N/A       100%        7


Dungeon Overview and Level Annotations

Branches:
Dungeon (15/15)            Temple (1/1) D:4            Lair (0/5) D:10
    Orc (0/2) D:12         Vaults (0/5) D:13         Depths (0/4) D:15
Ossuary (visited)          Bailey (visited)           IceCv (1/1)

Altars:
Ashenzari
Cheibriados
Dithmenos
Fedhas
Gozag
Hepliaklqana
Kikubaaqudgha
Makhleb
Nemelex Xobeh
Okawaru
Qazlal
Ru
Sif Muna
Trog
Uskayaw
Vehumet
Wu Jian
Xom
Yredelemnul

Shops:
D:1 ==([*   D:7 (


Innate Abilities, Weirdness & Mutations

Your life essence is reduced to manifest your ancestor. (-10% HP)
A powerful demonic guardian rushes to your aid.
You are partially covered in sharp spines.
You are partially covered in razor-sharp scales. (AC +1, Slay +1)
Your touch may irresistibly damage your foes and sap their willpower.


Message History

You puncture the harpy simulacrum!
The harpy simulacrum is severely damaged.
The harpy simulacrum is struck by your spines.
The harpy simulacrum vaporises!
You closely miss the caustic shrike simulacrum.
The caustic shrike simulacrum closely misses you.
The caustic shrike simulacrum claws you but does no damage.
You puncture the caustic shrike simulacrum!
The caustic shrike simulacrum is moderately damaged.
The caustic shrike simulacrum claws you!!
The caustic shrike simulacrum freezes you!
You resist.
You are too injured to fight recklessly!
You are too injured to fight recklessly!
You are too injured to fight recklessly!
You are too injured to fight recklessly!
You are too injured to fight recklessly!
You are too injured to fight recklessly!
You are too injured to fight recklessly!
The caustic shrike simulacrum attacks as it pursues you!
The caustic shrike simulacrum is struck by your spines.
The caustic shrike simulacrum misses you.
Publius barely misses the caustic shrike simulacrum.
The caustic shrike simulacrum misses you.
You closely miss the caustic shrike simulacrum.
The caustic shrike simulacrum is moderately damaged.
Publius barely misses the caustic shrike simulacrum.
The caustic shrike simulacrum claws you!
The caustic shrike simulacrum freezes you!
You resist.
* * * LOW HITPOINT WARNING * * *
Publius casts a spell at the caustic shrike simulacrum.
The caustic shrike simulacrum seems to slow down.
You puncture the caustic shrike simulacrum!
The caustic shrike simulacrum is severely damaged.
The caustic shrike simulacrum claws you!!
* * * LOW HITPOINT WARNING * * *
The caustic shrike simulacrum freezes you!
You resist.
You die...

##....รท##
####...## ##...####
###....#####
###...#... ###
###....# ##.######
###### ###R#R#(..##
## #@Z###.....# ##.
###Z.##...######..
#...##..#####.....
#22.###..####.....#
#ZZ.. ##...#....###
##.ZZ ###....###
###. #####..# $.
#.## =# ###


You could see the friendly Publius the hexer, a deep troll simulacrum and a
caustic shrike simulacrum (slow, ally target).

Vanquished Creatures
  A very ugly thing (IceCv)
  A blizzard demon (IceCv)
  A fire dragon (D:15)
  Josephine (D:14)
  2 vault guards (D:13)
  2 caustic shrike simulacra (IceCv)
  An ogre mage (D:10)
  A centaur warrior (D:10)
  4 two-headed ogres
  4 tengu warriors
  3 death yaks (D:10)
  A boulder beetle (D:10)
  An obsidian statue (IceCv)
  5 spriggan simulacra (IceCv)
  4 deep elf pyromancers
  Pikel (D:6)
  2 orc knights
  18 ugly things
  A cyclops (D:13)
  3 manticores
  A guardian serpent (shapeshifter) (D:15)
  2 gargoyles (D:13)
  An unseen horror (D:12)
  Maggie (D:6)
  A kobold demonologist (D:12)
  An anaconda simulacrum (IceCv)
  A yaktaur (D:15)
  2 efreet (D:10)
  A freezing wraith (IceCv)
  12 ice devils (IceCv)
  A golden dragon simulacrum (IceCv)
  3 tengu conjurers
  4 trolls
  A meliai (D:10)
  Grinder (D:6)
  4 hornets
  2 alligator simulacra (IceCv)
  A blink frog (shapeshifter) (D:10)
  A jumping spider (shapeshifter) (D:15)
  Sigmund (D:4)
  6 slime creatures
  2 shadows
  6 wraiths
  13 yaks
  A wyvern (D:9)
  2 steam dragons
  3 hogs (D:10)
  3 vampire mosquitoes (D:12)
  Menkaure (D:6)
  A harpy simulacrum (IceCv)
  6 minotaur simulacra (IceCv)
  A water moccasin (D:8)
  An ettin simulacrum (IceCv)
  2 sky beasts
  An ice beast (D:7)
  15 orc warriors
  6 ogres
  3 boggarts
  3 lemures (D:6)
  3 centaurs
  4 kobold brigands
  Blork the orc (D:5)
  2 scorpions
  2 bullfrogs
  2 gnoll sergeants
  7 deep troll simulacra (IceCv)
  3 wights (D:9)
  2 lindwurm simulacra (IceCv)
  21 killer bees
  A vampire bat (D:10)
  2 electric eels
  9 howler monkeys
  11 orc priests
  A jelly (D:5)
  5 hounds
  4 sleepcaps
  2 iguanas
  10 orc wizards
  A hound zombie (Ossuary)
  4 mummies (Ossuary)
  11 gnolls
  7 adders
  6 river rats (D:5)
  A shadow imp (D:6)
  A white imp (D:7)
  2 ufetubi (D:6)
  An adder zombie (Ossuary)
  2 worms (D:4)
  2 dart slugs
  61 orcs
  3 bat skeletons (D:10)
  3 bat zombies (D:10)
  4 endoplasms
  3 giant cockroaches
  6 goblins
  10 hobgoblins
  19 kobolds
  5 quokkas
  13 ball pythons
  4 bats
  3 frilled lizards (D:1)
  3 goblin zombies (Ossuary)
  A hobgoblin zombie (Ossuary)
  2 jackal zombies (Ossuary)
  19 rats
  2 rat zombies (Ossuary)
466 creatures vanquished.

Vanquished Creatures (collateral kills)
  A blizzard demon (IceCv)
  2 vault guards (D:13)
  A catoblepas (D:14)
  A centaur warrior (D:13)
  A two-headed ogre (D:7)
  5 death yaks (D:10)
  5 slime creatures
  A spriggan simulacrum (IceCv)
  An orc knight (D:15)
  A manticore (D:10)
  2 yaktaurs (D:15)
  A golden dragon simulacrum (IceCv)
  A troll (D:10)
  A vampire (D:13)
  A hog (D:10)
  3 yaks (D:10)
  A wraith (D:14)
  A human (D:10)
  A hydra simulacrum (IceCv)
  7 orc warriors
  An ogre (D:13)
  4 centaurs
  A phantom (D:6)
  A lemure (D:6)
  An elf zombie (Ossuary)
  2 killer bees
  A lindwurm simulacrum (IceCv)
  A human zombie (Ossuary)
  2 orc wizards
  2 adders
  A white imp (D:6)
  23 orcs
  2 kobolds (D:9)
  A quokka (D:5)
  A rat (D:5)
82 creatures vanquished.

Vanquished Creatures (others)
  A boggart (D:7)
  15 hexers
16 creatures vanquished.

Grand Total: 564 creatures vanquished

Notes
Turn   | Place    | Note
-------+----------+-------------------------------------------
     0 | D:1      | Demosthentine the Demonspawn Gladiator began the quest for
                  | the Orb.
     0 | D:1      | Reached XP level 1. HP: 16/16 MP: 1/1
    26 | D:1      | Found Ycvoaw's General Store.
   250 | D:1      | Gained mutation: A weak demonic guardian rushes to your
                  | aid. [demonic ancestry]
   250 | D:1      | Reached XP level 2. HP: 14/22 MP: 2/2
   466 | D:1      | Found Racorud's Jewellery Shop.
   545 | D:1      | Found Athysoe's Antique Armour Boutique.
   766 | D:1      | Found Geg Xuxips's Weapon Shoppe.
   784 | D:1      | Found Gerphur's Jewellery Shoppe.
   969 | D:2      | Reached skill level 1 in Armour
  1025 | D:2      | Gained mutation: You are partially covered in sharp spines.
                  | [demonic ancestry]
  1025 | D:2      | Reached XP level 3. HP: 28/28 MP: 3/3
  1568 | D:3      | Reached XP level 4. HP: 9/34 MP: 1/4
  1579 | D:3      | Reached skill level 3 in Fighting
  1760 | D:3      | Reached XP level 5. HP: 24/41 MP: 3/5
  2258 | D:4      | Noticed Sigmund
  2267 | D:4      | Killed Sigmund
  2268 | D:4      | Reached XP level 6. HP: 45/48 MP: 4/6
  2289 | D:4      | Found a staircase to the Ecumenical Temple.
  2302 | Temple   | Entered the Ecumenical Temple
  2350 | D:4      | Found a hazy altar of Hepliaklqana.
  2414 | D:4      | Became a worshipper of Hepliaklqana the Forgotten
  2505 | D:4      | Found a broken altar of Ashenzari.
  2675 | D:4      | Reached skill level 4 in Fighting
  2908 | D:5      | Entered Level 5 of the Dungeon
  2950 | D:5      | Identified the +9 spear "Qeggeo Dude" {venom, Fly rN++
                  | rCorr Dex-3}
  2966 | D:5      | Noticed a sky beast
  2972 | D:5      | Gained mutation: Your touch may inflict minor irresistible
                  | damage on your foes. [demonic ancestry]
  2972 | D:5      | Reached XP level 7. HP: 54/54 MP: 7/7
  3359 | D:5      | Reached * piety under Hepliaklqana
  3601 | D:5      | Noticed Blork the orc
  3603 | D:5      | Killed Blork the orc
  3604 | D:5      | Reached skill level 1 in Shields
  3666 | D:5      | Gained mutation: Your touch may inflict irresistible damage
                  | on your foes. [demonic ancestry]
  3666 | D:5      | Reached XP level 8. HP: 54/54 MP: 8/8
  3670 | D:5      | Reached skill level 5 in Fighting
  3670 | D:5      | Reached skill level 5 in Polearms
  3676 | D:5      | Reached skill level 5 in Dodging
  4043 | D:6      | Found a sand-covered staircase.
  4059 | Ossuary  | Entered an ossuary
  4263 | D:6      | Noticed Menkaure
  4276 | D:6      | Killed Menkaure
  4430 | D:6      | Noticed Maggie
  4442 | D:6      | Killed Maggie
  4547 | D:6      | Noticed Pikel
  4564 | D:6      | Killed Pikel
  4565 | D:6      | Reached skill level 6 in Fighting
  4565 | D:6      | Reached skill level 5 in Armour
  4565 | D:6      | Reached XP level 9. HP: 49/62 MP: 6/9
  4631 | D:6      | Noticed Grinder
  4640 | D:6      | Killed Grinder
  4653 | D:6      | Found a burning altar of Makhleb.
  4899 | D:6      | Found a snail-covered altar of Cheibriados.
  4991 | D:6      | Reached ** piety under Hepliaklqana
  4992 | D:6      | Remembered your ancestor Publius as a hexer
  5143 | D:6      | Identified a scroll of acquirement
  5143 | D:6      | Acquired the +10 demon trident of the Special Seers
                  | {freeze, *Noise rElec rF++ Will+++}
  5316 | D:7      | Reached skill level 1 in Invocations
  5384 | D:7      | Found Rozuuh's Antique Weapon Shop.
  5498 | D:7      | Found an iron altar of Okawaru.
  5519 | D:7      | Reached skill level 7 in Fighting
  5521 | D:7      | Gained mutation: A demonic guardian rushes to your aid.
                  | [demonic ancestry]
  5521 | D:7      | Reached XP level 10. HP: 60/71 MP: 10/12
  5931 | D:7      | Noticed a two-headed ogre
  5931 | D:7      | Noticed a two-headed ogre
  5939 | D:7      | Killed a two-headed ogre
  5945 | D:7      | Killed a two-headed ogre
  5946 | D:7      | Reached skill level 5 in Shields
  6119 | D:8      | Identified the +3 plate armour of Cooloin {rN+}
  6281 | D:8      | Reached *** piety under Hepliaklqana
  6327 | D:8      | Reached skill level 5 in Invocations
  6393 | D:8      | Paralysed by a hornet for 1 turns
  6681 | D:9      | Reached skill level 8 in Fighting
  7150 | D:9      | Gained mutation: You are partially covered in razor-sharp
                  | scales. (AC +1, Slay +1) [demonic ancestry]
  7150 | D:9      | Reached XP level 11. HP: 67/78 MP: 15/15
  7450 | D:10     | Entered Level 10 of the Dungeon
  7536 | D:10     | Found a flagged portal.
  7561 | D:10     | Noticed a death yak
  7561 | D:10     | Noticed a death yak
  7562 | D:10     | Noticed a death yak
  7565 | D:10     | Noticed a death yak
  7566 | D:10     | Noticed a death yak
  7567 | Bailey   | Entered a bailey
  7604 | Bailey   | Found a large runed translucent door.
  7604 | Bailey   | Found a large runed translucent door.
  7605 | Bailey   | Noticed an orc knight
  7605 | Bailey   | Noticed a deep elf pyromancer
  7608 | Bailey   | Found the ring of the Hare {EV+10}
  7647 | Bailey   | Killed an orc knight
  7695 | Bailey   | Reached **** piety under Hepliaklqana
  7804 | Bailey   | Killed a deep elf pyromancer
  7885 | D:10     | Noticed a death yak
  7885 | D:10     | Noticed a death yak
  7885 | D:10     | Noticed a death yak
  7906 | D:10     | Killed a death yak
  7907 | D:10     | Reached skill level 9 in Fighting
  7916 | D:10     | Killed a death yak
  7917 | D:10     | Killed a death yak
  7920 | D:10     | Killed a death yak
  7968 | D:10     | Killed a death yak
  7970 | D:10     | Killed a death yak
  7973 | D:10     | Killed a death yak
  7976 | D:10     | Killed a death yak
  8026 | D:10     | Found a staircase to the Lair.
  8130 | D:10     | Found an ornate altar of the Wu Jian Council.
  8198 | D:10     | Found a shadowy altar of Dithmenos.
  8272 | D:10     | Noticed a two-headed ogre
  8283 | D:10     | Killed a two-headed ogre
  8284 | D:10     | Reached XP level 12. HP: 87/87 MP: 17/17
  8301 | D:10     | Reached skill level 10 in Fighting
  8312 | D:10     | Noticed a centaur warrior
  8318 | D:10     | Killed a centaur warrior
  8322 | D:10     | Noticed an ogre mage
  8330 | D:10     | Killed an ogre mage
  8597 | D:10     | Paralysed by a hornet for 2 turns
  8794 | D:10     | Found an ancient bone altar of Kikubaaqudgha.
  8930 | D:10     | Acquired 1099 gold pieces
  9207 | D:11     | Noticed a boulder beetle
  9247 | D:10     | Killed a boulder beetle
  9248 | D:10     | Reached skill level 10 in Polearms
  9259 | D:10     | Reached skill level 10 in Dodging
  9320 | D:11     | Noticed a tengu warrior
  9326 | D:11     | Killed a tengu warrior
  9885 | D:12     | Reached skill level 11 in Fighting
  9892 | D:12     | Noticed a two-headed ogre
  9902 | D:12     | Killed a two-headed ogre
  9918 | D:12     | Gained mutation: Your touch may irresistibly damage your
                  | foes and sap their willpower. [demonic ancestry]
  9918 | D:12     | Reached XP level 13. HP: 87/95 MP: 18/18
  9918 | D:12     | Found a staircase to the Orcish Mines.
  9925 | D:12     | Reached ***** piety under Hepliaklqana
 10526 | D:13     | Identified the ring of Giem {rC- Will+ EV+5 Int+3}
 10849 | D:13     | Found a gate to the Vaults.
 11320 | D:14     | Noticed Josephine
 11335 | D:14     | Killed Josephine
 11579 | D:14     | Reached skill level 12 in Fighting
 12025 | D:15     | Identified the "Zosackuh"
 12025 | D:15     | Entered Level 15 of the Dungeon
 12136 | D:15     | Found a burning altar of Makhleb.
 12141 | D:15     | Identified the +4 whip of Eternal Vigilance {speed, rPois
                  | rF- rC++ Str-2}
 12233 | D:15     | Found a frozen archway.
 12242 | D:15     | Gained mutation: A powerful demonic guardian rushes to your
                  | aid. [demonic ancestry]
 12242 | D:15     | Reached XP level 14. HP: 90/104 MP: 20/20
 12337 | IceCv    | Entered an ice cave
 12767 | IceCv    | Noticed a white very ugly thing
 12785 | IceCv    | Killed a white very ugly thing
 12830 | IceCv    | Reached skill level 13 in Fighting
 12975 | IceCv    | Reached skill level 10 in Invocations
 13173 | IceCv    | Slain by a caustic shrike simulacrum

Illustrated notes

Levels and vault maps discovered:
D:1:      elethiomel_arrival_infinity_welcomes_careful_drivers,
          layout_loops_corners, serial_shops, shop,
          nicolae_shop_advertising_works [nicolae_subvault_shop_adworks], shop,
          nicolae_shop_bloodbath_and_beyond, nicolae_diamond_shop,
          hangedman_decor_points, minmay_three_crescents
D:2:      layout_rooms, nicolae_figureground_sparkle
D:3:      layout_basic
D:4:      layout_cave_pools, mainiacjoe_overflow_brackets,
          nicolae_ashenzari_panopticon, minmay_temple_entry_offerings,
          minmay_pentangle, uniq_sigmund
D:5:      lemuel_ratsnest, layout_basic, uniq_blork_the_orc
D:6:      layout_rooms, mainiacjoe_overflow_small_starburst,
          mainiacjoe_overflow_alcove_1, lemuel_coloured_pillars_altar,
          chequers_ossuary_entry_cave, uniq_maggie, uniq_grinder, uniq_menkaure,
          uniq_pikel
D:7:      cheibrodos_helix_gallery, layout_loops_cross,
          mainiacjoe_overflow_paths, serial_shops, shop,
          nicolae_phantomly_mirrored
D:8:      layout_basic, nicolae_nh_ransacked_shop
D:9:      layout_roguey, zin_statuary, corner_web_ring, fountainhead
D:10:     hangedman_cross_veins, layout_long_grid, amcnicky_altar_gilded,
          kennysheep_vampire_church, general_overflow_altar, dpeg_lair_monsters,
          enter_bailey_5, grunt_livestock
D:11:     layout_gridville, chequers_serial_rivers_micro_a
D:12:     layout_loops_ring, david_orc_5
D:13:     layout_rooms, lightli_vaults_fourway_checkpoint, special_room
          [special_room_orc], hangedman_glass_teeth, dreamdust_wishing_well,
          nicolae_kite_square_tiling_tiny, chequers_serial_rivers_micro_b
D:14:     layout_roguey, minmay_staircase_statues, uniq_josephine
D:15:     hellmonk_depths_entry_around_the_bend, layout_basic, bloody_makhleb,
          portal_ice_cave_entry_ugly_swarm, minmay_between
Temple:   minmay_temple_bridge_abc
IceCv:    ice_cave_caverns_01

Skill      XL: |  1  2  3  4  5  6  7  8  9 10 11 12 13 14 |
---------------+-------------------------------------------+-----
Polearms       | 3 4 6 7 9 10 11 12 | 12.3
Armour         | 1 2 3 5 7 8 9 |  9.5
Dodging        | 3 4 5 6 7 9 10 11 12 | 12.2
Fighting       | 3 4 6 7 8 9 11 12 13 | 13.1
Shields        | 1 3 4 5 |  5.1
Invocations    | 2 6 7 8 10 | 10.1
Throwing       | |  1.7

Action                     |  1- 3 |  4- 6 |  7- 9 | 10-12 | 13-15 || total
---------------------------+-------+-------+-------+-------+-------++-------
  Melee: Trident           |   115 |    92 |   186 |       |       ||   393
         Punch             |     1 |       |     2 |       |       ||     3
         Spear             |       |     4 |    21 |       |       ||    25
         Touch             |       |       |    32 |       |       ||    32
         Demon trident     |       |       |    55 |   426 |   554 ||  1035
  Throw: Throwing net      |       |     1 |     1 |     3 |     1 ||     6
 Invoke: Ancestor Life: He |       |       |     1 |       |       ||     1
         Recall Ancestor   |       |       |       |     1 |       ||     1
    Use: Scroll            |     9 |     4 |     9 |     5 |     6 ||    33
         Potion            |       |       |     1 |     1 |     2 ||     4
   Stab: Sleeping          |     2 |       |       |     2 |       ||     4
         Held in net/web   |       |     3 |     2 |       |       ||     5
         Distracted        |       |       |     7 |     9 |     8 ||    24
         Confused          |       |       |     2 |     2 |    14 ||    18
 Armour: Leather armour    |    47 |    33 |   109 |   118 |       ||   307
         Troll leather arm |       |       |       |    36 |   159 ||   195
  Dodge: Dodged            |    45 |    42 |   111 |   148 |   163 ||   509
  Block: Buckler           |       |       |     9 |    74 |    91 ||   174

Table legend: (Time is in decaauts)
 A = Elapsed time spent in this place.
 B = Non-inter-level travel time spent in this place.
 C = Inter-level travel time spent in this place.
 D = Time resting spent in this place.
 E = Time spent auto-exploring this place.
 F = Levels seen in this place.
 G = Mean time per level.
                   A        B        C        D        E       F      G
               +--------+--------+--------+--------+--------+-----+--------+
         Total |  13048 |  12568 |    480 |    324 |   9213 |  19 |  686.7 |
       Dungeon |  11754 |  11274 |    480 |    324 |   8469 |  15 |  783.6 |
        Temple |     27 |     27 |      0 |      0 |      0 |   1 |   27.0 |
       Ossuary |    190 |    190 |      0 |      0 |    122 |   1 |  190.0 |
        Bailey |    314 |    314 |      0 |      0 |    178 |   1 |  314.0 |
      Ice Cave |    761 |    761 |      0 |      0 |    444 |   1 |  761.0 |
               +--------+--------+--------+--------+--------+-----+--------+

Top non-repeatable levels by time:
    D:10: 1373 daAuts
     D:5: 1107 daAuts
     D:6: 1105 daAuts
     D:1: 962 daAuts
     D:7: 775 daAuts
     D:9: 774 daAuts
    D:14: 768 daAuts
   IceCv: 761 daAuts
    D:12: 744 daAuts
     D:3: 732 daAuts
    D:11: 701 daAuts
    D:13: 690 daAuts
     D:4: 627 daAuts
     D:8: 598 daAuts
     D:2: 585 daAuts
